 Dungeon Crawl Stone Soup version 0.19-a0-1861-g35def1e (webtiles) character file.

123 Amnesiac the Sneak (level 4, -3/25 HPs)
             Began as a Deep Elf Assassin on Oct 12, 2016.
             Slain by an ogre
             ... wielding a +0 giant club
              (27 damage)
             ... on level 4 of the Dungeon.
             The game lasted 00:04:23 (2627 turns).

Amnesiac the Sneak (Deep Elf Assassin)              Turns: 2627, Time: 00:04:24

Health: -3/25      AC:  4    Str:  8    XL:     4   Next: 79%
Magic:  6/6        EV: 11    Int: 16    God:
Gold:   39         SH:  0    Dex: 23    Spells: 0 memorised, 3 levels left

rFire  . . .     SeeInvis .     a - +2 dagger
rCold  + . .     Gourm    .     e - +0 leather armour {rPois}
rNeg   . . .     Faith    .     (no shield)
rPois  +         Spirit   .     (no helmet)
rElec  .         Dismiss  .     d - +0 cloak
rCorr  .         Reflect  .     (no gloves)
MR     .....     Harm     .     (no boots)
Stlth  ++++......               (no amulet)
                                (no ring)
                                m - +6 ring of dexterity

@: no status effects
A: hooves 1, cold resistance 1, MP-powered wands
a: no special abilities


You were on level 4 of the Dungeon.
You were not hungry.

You visited 1 branch of the dungeon, and saw 4 of its levels.

You collected 39 gold pieces.

Inventory:

Hand Weapons
 a - a +2 dagger (weapon)
 b - a +0 blowgun
Missiles
 c - 18 poisoned needles
 f - a curare-tipped needle
Armour
 d - a +0 cloak (worn)
 e - a +0 leather armour of poison resistance (worn)
Jewellery
 m - a +6 ring of dexterity (left hand)
Wands
 h - a wand of random effects (24/48)
Scrolls
 i - 2 scrolls of identify {unknown}
 j - a scroll of fog {unknown}
 k - a scroll of amnesia {unknown}
 o - a scroll of remove curse {unknown}
Potions
 l - a potion of curing
 q - a potion of might {unknown}
Comestibles
 g - 2 bread rations
 n - a royal jelly
 p - a meat ration
 r - 2 chunks of flesh


   Skills:
 - Level 1.5 Fighting
 + Level 3.2 Short Blades
 - Level 2.0 Throwing
 - Level 1.2 Dodging
 * Level 7.0 Stealth


You had 3 spell levels left.
You didn't know any spells.

Dungeon Overview and Level Annotations

Branches:
Dungeon (4/15)
 Temple: D:4-7

Altars:
Makhleb
Vehumet

Annotations:
D:2 Robin, Sigmund
D:4 exclusion: statue


Innate Abilities, Weirdness & Mutations

You have large cloven feet.
Your flesh is cold resistant. (rC+)
You expend magic power (3 MP) to strengthen your wands.


Message History

An ogre comes into view. It is wielding a giant club.
The leopard gecko skeleton barely misses you.
You hit the leopard gecko skeleton.
The leopard gecko skeleton is severely damaged.
You hit the leopard gecko skeleton.
You destroy the leopard gecko skeleton!
An orc priest comes into view.
The ogre shouts!
You hit the ogre but do no damage. You kick the ogre, but do no damage.
The ogre closely misses you.
You hit the ogre. You kick the ogre, but do no damage.
The ogre is lightly wounded.
The ogre barely misses you.
You hit the ogre. You kick the ogre, but do no damage.
The ogre is lightly wounded.
You hit the ogre. You kick the ogre, but do no damage.
The ogre is moderately wounded.
The ogre hits you with a giant club!!
Ouch! That really hurt!
You die...

#....... ....
....#....... ####..#
#....########
#..#..###....##....#
#............$.....#
#..................#
#.......>..........+
#..................#
#..O@..............#
#..................#
########%.##o#######
#..##.##)...##
....#..........
.....#........O.
o......#..........
.....?.#..........
..#..#.##....#####


You could see an ogre.

Vanquished Creatures
  Ijyb (D:2)
  4 adders
  3 oozes
  2 worms (D:3)
  3 dart slugs
  A leopard gecko (D:2)
  3 bats
  A giant cockroach (D:1)
  3 goblins
  3 hobgoblins
  4 jackals (D:3)
  A quokka (D:2)
  A ball python (D:1)
  2 frilled lizards
  4 kobolds
  A leopard gecko skeleton (D:4)
  2 rats
39 creatures vanquished.

Notes
Turn   | Place    | Note
-------+----------+-------------------------------------------
     0 | D:1      | Amnesiac the Deep Elf Assassin began the quest for the Orb.
     0 | D:1      | Reached XP level 1. HP: 12/12 MP: 3/3
    25 | D:1      | Reached skill level 5 in Stealth
    54 | D:1      | Reached XP level 2. HP: 16/16 MP: 4/4
   352 | D:2      | Reached XP level 3. HP: 20/20 MP: 5/5
   565 | D:2      | Noticed Sigmund
   589 | D:2      | Noticed Robin
   599 | D:1      | Reached skill level 6 in Stealth
   955 | D:2      | Noticed Ijyb
  1008 | D:2      | Gained mutation: You expend magic power (3 MP) to strengthen your wands. [potion of mutation]
  1008 | D:2      | Gained mutation: You have large cloven feet. [potion of mutation]
  1008 | D:2      | Gained mutation: Your flesh is cold resistant. (rC+) [potion of mutation]
  1043 | D:2      | Killed Ijyb
  1043 | D:2      | Reached XP level 4. HP: 12/25 MP: 6/6
  1737 | D:3      | HP: 1/25 [worm (7)]
  1937 | D:4      | Found a radiant altar of Vehumet.
  1937 | D:4      | Noticed a charred statue
  2563 | D:3      | Found a burning altar of Makhleb.
  2607 | D:4      | Reached skill level 7 in Stealth
  2613 | D:4      | Noticed an ogre
  2616 | D:4      | Noticed an ogre
  2627 | D:4      | Slain by an ogre

Vault maps used:
D:1:      dpeg_arrival_oval, grunt_decor_cap
D:2:      grunt_temple_overflow_cloverleaf, dancing_weapons_uskayaw,
          minmay_misc_feat_enclosed, serial_park_tiny_pond, st_stairs_7,
          fountainhead, minmay_door_square, uniq_iyjb, uniq_sigmund, uniq_robin
D:3:      old_standard_altar, ecumenical_altar_2
D:4:      vehumet_statue, glass_columns_b, uniq_duvessa, uniq_edmund

Skill      XL: |  1  2  3  4 |
---------------+-------------+-----
Stealth        | 5 6 7 |  7.0
Short Blades   | 3 |  3.2
Fighting       | |  1.5
Throwing       | |  2.0
Dodging        | |  1.2

Action                   |  1- 3 |  4- 6 || total
-------------------------+-------+-------++-------
Melee: Dagger            |    99 |   110 ||   209
       Kick              |    10 |    35 ||    45
 Fire: Blowgun           |    23 |       ||    23
  Use: Potion            |     2 |     2 ||     4
 Stab: Sleeping          |     5 |     2 ||     7
       Distracted        |     2 |       ||     2
       Invisible         |       |     3 ||     3
  Eat: Chunk             |       |     6 ||     6
Armor: Robe              |    18 |       ||    18
       Leather armour    |       |    25 ||    25
Dodge: Dodged            |    52 |    55 ||   107
